 Dungeon Crawl Stone Soup version 0.17-a0-777-g32247ce (webtiles) character file.

124 RobertPalmer the Cutter (level 5, -3/30 HPs)
             Began as a Kobold Hunter on Apr 25, 2015.
             Slain by an adder (4 damage)
             ... on level 2 of the Dungeon.
             The game lasted 00:03:48 (1791 turns).

RobertPalmer the Cutter (Kobold Hunter)             Turns: 1791, Time: 00:03:48

Health: -3/30      AC:  3    Str: 11    XL:     5   Next: 30%
Magic:  5/5        EV: 14    Int: 10    God:
Gold:   89         SH:  0    Dex: 16    Spells: 0 memorised, 4 levels left

rFire  + . .     SeeInvis .     a - +0 short sword
rCold  + . .     Clarity  .     d - +0 leather armour
rNeg   . . .     SustAb   .     (shield restricted)
rPois  +         Gourm    .     (no helmet)
rElec  +         Spirit   .     (no cloak)
rCorr  +         Warding  .     (no gloves)
rMut   .         Stasis   .     (no boots)
MR     .....                    (no amulet)
Stlth  ++........               (no ring)
                                (no ring)

@: resistant, not resistant to hostile enchantments, unstealthy
A: carnivore 3
a: no special abilities


You were on level 2 of the Dungeon.
You were very hungry.

You visited 1 branch of the dungeon, and saw 2 of its levels.

You collected 89 gold pieces.

Inventory:

Hand weapons
 a - a +0 short sword (weapon)
 b - a +1 hand crossbow
Missiles
 c - 37 bolts
Armour
 d - a +0 leather armour (worn)
 f - a cursed +0 leather armour
   (You found it on level 1 of the Dungeon)
 g - a +3 ring mail of fire resistance
   (You found it on level 1 of the Dungeon)
Scrolls
 i - 3 scrolls of identify {unknown}
 j - a scroll of teleportation {unknown}
 m - a scroll of magic mapping {unknown}
 n - a scroll of enchant weapon {unknown}
 p - a scroll of random uselessness {unknown}
 u - a scroll of immolation {unknown}
Potions
 h - a potion of might {unknown}
 k - a potion of curing {unknown}
 o - a potion of haste {unknown}
 r - a potion of beneficial mutation {unknown}
 s - a potion of resistance
Comestibles
 e - 4 meat rations {@e2}
 q - a royal jelly
 t - a beef jerky


   Skills:
 - Level 2.1 Fighting
 + Level 6.0 Short Blades
 - Level 4.8 Crossbows
 - Level 2.4 Dodging
 - Level 1.3 Stealth


You had 4 spell levels left.
You didn't know any spells.

Dungeon Overview and Level Annotations

Branches:
Dungeon (2/15)

Altars:
Makhleb


Innate Abilities, Weirdness & Mutations

You are small and have problems with some larger weapons.
You are carnivorous and can eat meat at any time.


Message History

A hobgoblin is nearby!
The hobgoblin shouts!
You hit the hobgoblin but do no damage. The hobgoblin hits you with a club.
You take 2 damage, and have 24/26 hp.
You closely miss the hobgoblin. The hobgoblin barely misses you.
You hit the hobgoblin. You hit the hobgoblin.
The hobgoblin hits you with a club.
You take 3 damage, and have 21/26 hp.
You closely miss the hobgoblin.
The hobgoblin hits you but does no damage.
You hit the hobgoblin. The hobgoblin barely misses you.
You hit the hobgoblin.
You kill the hobgoblin!
No target in view!
No target in view!
Things that are here:
a club; a hobgoblin corpse
i - 3 scrolls labeled BEAXUKYUGA (gained 1)
u - a scroll labeled QOUKIE ETAUTH A goblin comes into view.
A goblin is nearby!
A goblin is nearby!
A goblin is nearby!
The goblin shouts!
The goblin barely misses you.
You closely miss the goblin. The goblin misses you.
You closely miss the goblin. The goblin closely misses you.
Your leather armour prevents you from hitting the goblin.
The goblin barely misses you.
You hit the goblin.
You kill the goblin!
No target in view!
No target in view!
You see here a goblin corpse.
There is a stone staircase leading down here.
An adder and a hound come into view.
The hound barks!
Found a human corpse.
Found a burning altar of Makhleb.
There are monsters nearby!
There are monsters nearby!
There are monsters nearby!
The hound barely misses you. The hound bites you.
You take 3 damage, and have 21/26 hp.
You hit the hound. The hound misses you. The hound closely misses you.
You hit the hound. The hound bites you.
You take 3 damage, and have 19/26 hp.
You hit the hound. The hound closely misses you.
You closely miss the hound.
The hound stops to sniff the ground.
The hound closely misses you.
You hit the hound. The hound bites you but does no damage.
You hit the hound. The hound closely misses you. The hound bites you.
You take 4 damage, and have 15/26 hp.
You are too injured to fight recklessly!
You are too injured to fight recklessly!
b - a +1 hand crossbow (weapon)
The hound bites you.
You take 1 damage, and have 14/26 hp.
Aim: an adder You shoot a bolt.
The bolt hits the adder.
The hound barely misses you. The hound closely misses you.
Aim: an adder (moderately wounded)
You shoot a bolt.
The bolt hits the adder but does no damage.
The hound misses you.
a - a +0 short sword (weapon)
The hound misses you. The adder closely misses you.
The hound barely misses you.
You closely miss the hound. The hound barely misses you.
The hound completely misses you.
You closely miss the hound. The hound bites you.
You take 3 damage, and have 11/26 hp.
You miss the hound. The hound misses you.
You barely miss the hound. The hound bites you but does no damage.
You closely miss the hound. The hound barely misses you.
The hound barely misses you.
You hit the hound but do no damage. The hound closely misses you.
You are feeling very hungry.
You closely miss the hound. The hound closely misses you.
You hit the hound. The hound bites you. The hound bites you.
* * * LOW HITPOINT WARNING * * *
You take 7 damage, and have 4/26 hp.
MASSIVE DAMAGE!!
You hit the hound.
You kill the hound!
Your Short Blades skill increases to level 6!
You have reached level 5!
You feel stronger.
MP restored: 5 You are too injured to fight recklessly!
Drink which item? (? for menu, Esc to quit)
It was a potion of resistance.
You feel protected. The adder bites you.
* * * LOW HITPOINT WARNING * * *
You take 3 damage, and have 1/30 hp.
Drink which item? (? for menu, Esc to quit)
It was a potion of magic.
Magic courses through your body. The adder bites you.
You die...

#.#.####.##)........
#.#.# #.#########).
#.#.####.# #..
#)#......# #..
##..####..# #.. #∩
##...## #..# #.. #._
#.....# #.(# #..
#.S† ##...#S# #..#
#.. #..
#....#@###..# #..
#.###.(#........#
#..
#..#..##.#.###.##
#.. #..(###.#.#
#>######## #.# ##.##
#.#.. #...†....# #.#
### ..##.#########.#
#.. .## .# #.# ### :
## #.# #.# #


You could see an adder.

Vanquished Creatures
  A hound (D:2)
  A gnoll (D:1)
  An adder (D:2)
  An ooze (D:2)
  2 worms (D:2)
  A giant gecko (D:1)
  5 giant cockroaches
  9 goblins
  4 hobgoblins
  12 jackals
  10 bats
  3 giant newts
  5 kobolds
  3 quokkas (D:2)
  5 rats
63 creatures vanquished.

Notes
Turn   | Place    | Note
--------------------------------------------------------------
     0 | D:1      | RobertPalmer, the Kobold Hunter, began the quest for the Orb.
     0 | D:1      | Reached XP level 1. HP: 12/12 MP: 1/1
    46 | D:1      | Reached skill level 1 in Short Blades
    97 | D:1      | Reached skill level 2 in Short Blades
    97 | D:1      | Reached XP level 2. HP: 17/17 MP: 2/2
   470 | D:1      | Reached skill level 3 in Short Blades
   512 | D:1      | Reached XP level 3. HP: 18/21 MP: 3/3
   950 | D:1      | Reached skill level 4 in Short Blades
  1016 | D:2      | Reached XP level 4. HP: 14/26 MP: 4/4
  1365 | D:2      | Reached skill level 5 in Short Blades
  1762 | D:2      | Found a burning altar of Makhleb.
  1788 | D:2      | HP: 4/26 [hound (4)]
  1789 | D:2      | Reached skill level 6 in Short Blades
  1789 | D:2      | Reached XP level 5. HP: 4/30 MP: 5/5
  1790 | D:2      | HP: 1/30 [adder (3)]
  1791 | D:2      | Slain by an adder

Action                   |  1- 3 |  4- 6 || total
-------------------------+-------+-------++-------
Melee: Short sword       |   135 |    77 ||   212
 Fire: Hand crossbow     |    15 |    34 ||    49
  Use: Scroll            |     2 |       ||     2
       Potion            |       |     2 ||     2
 Stab: Sleeping          |       |     1 ||     1
  Eat: Chunk             |     2 |       ||     2

Vault maps used:
D:1:      scummos_arrival_hexagon
D:2:      makhleb_blood_cavern_becter

Table legend:
 A = Turns spent in this place as a percentage of turns spent in the entire game.
 B = Non-inter-level travel turns spent in this place as a percentage of non-inter-level travel turns spent in the entire game.
 C = Inter-level travel turns spent in this place as a percentage of turns spent in this place.
 D = Turns resting spent in this place as a percentage of non-inter-level travel turns spent in this place.
 E = Turns spent auto-exploring this place as a percentage of non-inter-level travel turns spent in this place.
 F = Non-inter-level travel turns spent in this place divided by the number of levels of this place that you've seen.
                   A       B       C       D       E      F
               +-------+-------+-------+-------+-------+----------------------
         Total | 100.0 | 100.0 |   0.1 |   1.0 |   9.3 | 398.5
       Dungeon | 100.0 | 100.0 |   0.1 |   1.0 |   9.3 | 398.5
               +-------+-------+-------+-------+-------+----------------------

Table legend:
 A = Kills in this place as a percentage of kills in entire the game.
 B = Kills by you in this place as a percentage of kills by you in the entire game.
 C = Kills by friends in this place as a percentage of kills by friends in the entire game.
 D = Other kills in this place as a percentage of other kills in the entire game.
 E = Experience gained in this place as a percentage of experience gained in the entire game.
 F = Experience gained in this place divided by the number of levels of this place that you have seen.
                   A       B       C       D       E      F
               +-------+-------+-------+-------+-------+----------------------
         Total | 100.0 | 100.0 |  -nan |  -nan | 100.0 |  89.0
       Dungeon | 100.0 | 100.0 |  -nan |  -nan | 100.0 |  89.0
               +-------+-------+-------+-------+-------+----------------------
